 Dungeon Crawl Stone Soup version 0.19.0-22-gd96e5fe (webtiles) character file.

389 Monsterracer the Ruffian (level 6, -5/62 HPs)
             Began as a Troll Monk on Nov 19, 2016.
             Slain by a gnoll
             ... wielding a +0 halberd
              (12 damage)
             ... on level 4 of the Dungeon.
             The game lasted 00:06:13 (3006 turns).

Monsterracer the Ruffian (Troll Monk)               Turns: 3006, Time: 00:06:14

Health: -5/62      AC:  7    Str: 20    XL:     6   Next: 50%
Magic:  5/5        EV: 11    Int:  6    God:
Gold:   180        SH:  0    Dex: 14    Spells: 0 memorised, 5 levels left

rFire  . . .     SeeInvis .       - Unarmed
rCold  . . .     Gourm    +     a - +0 robe
rNeg   . . .     Faith    .     (no shield)
rPois  .         Spirit   .     (helmet restricted)
rElec  .         Reflect  .     (no cloak)
rCorr  .         Harm     .     (gloves unavailable)
MR     .....                    (boots unavailable)
Stlth  +.........               (no amulet)
                                (no ring)
                                j - +2 ring of protection

@: glowing
A: unfitting armour, claws 3, fast metabolism 3, gourmand, regeneration 1,
shaggy fur 1, tough skin 2
a: no special abilities


You were on level 4 of the Dungeon.
You were completely stuffed.

You visited 1 branch of the dungeon, and saw 4 of its levels.

You collected 180 gold pieces.

Inventory:

Missiles
 l - 11 tomahawks (quivered)
 m - 3 stones
Armour
 a - a +0 robe (worn)
Jewellery
 j - a +2 ring of protection (left claw)
Scrolls
 c - 4 scrolls of remove curse {unknown}
 e - a scroll of immolation {unknown}
 f - 5 scrolls of identify {unknown}
 g - 2 scrolls of enchant weapon {unknown}
 h - a scroll of fog {unknown}
 i - 2 scrolls of random uselessness {unknown}
 k - a scroll of teleportation {unknown}
 o - a scroll of enchant armour {unknown}
 p - a scroll of noise {unknown}
 r - a scroll of fear {unknown}
Potions
 q - 3 potions of ambrosia
Comestibles
 b - 7 bread rations
 d - a meat ration
 n - 3 beef jerkies
 s - 4 chunks of flesh


   Skills:
 + Level 3.8 Fighting
 + Level 3.5 Dodging
 - Level 1.0 Stealth
 * Level 5.6 Unarmed Combat


You had 5 spell levels left.
You didn't know any spells.

Dungeon Overview and Level Annotations

Branches:
Dungeon (4/15)
 Temple: D:4-7

Altars:
Ashenzari
Xom
Yredelemnul


Innate Abilities, Weirdness & Mutations

You are too large for most types of armour.
You have claws for hands.
Your metabolism is lightning-fast.
You like to eat raw meat.
Your natural rate of healing is unusually fast.
You are covered in fur. (AC +1)
You have very tough skin. (AC +2)


Message History

The adder is almost dead.
The adder bites you but does no damage.
The gnoll hits you from afar with a halberd!
* * * LOW HITPOINT WARNING * * *
The adder bites you but does no damage.
You claw the adder!
You kill the adder!
A frilled lizard comes into view.
The frilled lizard hisses angrily.
The gnoll completely misses you.
There is an open door, spattered with blood here.
Items here: )) ††† a whip; a club; an adder corpse; a gnoll corpse x2
You scratch the gnoll.
The gnoll is moderately wounded.
The gnoll closely misses you.
You scratch the gnoll.
The gnoll is severely wounded.
The gnoll hits you with a halberd!
You die...

.# ### #⌠.##+##.⌠# ##
.#......... .#
##.#.......#####.#
..#.......#..)#.##
..'..._...'...@l.# #
#.......#...#g.# .
##.......##.##..# ..
#.........#...$...
#..#⌠.##'##.⌠#........
#.##.#...####..........
#....#...# ...........
##.......# #..........
#..#.#####.#


You could see a gnoll and a frilled lizard.

Vanquished Creatures
  Sigmund (D:2)
  2 orc wizards (D:3)
  A gnoll shaman (D:4)
  4 adders
  3 gnolls (D:4)
  2 worms
  A leopard gecko (D:3)
  10 orcs (D:3)
  4 giant cockroaches
  3 goblins
  5 hobgoblins
  11 jackals
  2 quokkas
  4 bats
  4 frilled lizards
  A jackal zombie (D:3)
  5 kobolds
  2 rats
65 creatures vanquished.

Notes
Turn   | Place    | Note
-------+----------+-------------------------------------------
     0 | D:1      | Monsterracer the Troll Monk began the quest for the Orb.
     0 | D:1      | Reached XP level 1. HP: 22/22 MP: 0/0
   141 | D:1      | Reached XP level 2. HP: 6/29 MP: 1/1
   149 | D:1      | HP: 1/29 [poisoned by a kobold]
   155 | D:1      | HP: 1/29 [poisoned by a kobold]
   380 | D:1      | Found a shimmering altar of Xom.
   687 | D:2      | Noticed Sigmund
   694 | D:2      | Killed Sigmund
   694 | D:2      | Reached skill level 4 in Unarmed Combat
   694 | D:2      | Reached XP level 3. HP: 27/37 MP: 2/2
   694 | D:2      | Reached XP level 4. HP: 33/45 MP: 3/3
   694 | D:2      | Reached XP level 5. HP: 38/53 MP: 4/4
  1568 | D:2      | Reached skill level 5 in Unarmed Combat
  1826 | D:3      | Reached XP level 6. HP: 46/61 MP: 5/5
  2887 | D:4      | Found a basalt altar of Yredelemnul.
  2974 | D:4      | Found a shattered altar of Ashenzari.
  3006 | D:4      | Slain by a gnoll

Skill      XL: |  1  2  3  4  5 |
---------------+----------------+-----
Fighting       | 3 |  3.8
Dodging        | 3 |  3.5
Unarmed Combat | 4 5 |  5.6
Stealth        | |  1.0

Action                   |  1- 3 |  4- 6 || total
-------------------------+-------+-------++-------
Melee: Unarmed           |    50 |   110 ||   160
       Punch             |       |     1 ||     1
  Use: Potion            |     2 |     5 ||     7
 Stab: Sleeping          |     1 |     1 ||     2
       Distracted        |       |     1 ||     1
  Eat: Chunk             |     3 |    25 ||    28
       Meat ration       |       |     1 ||     1
Armor: Robe              |    23 |    29 ||    52
Dodge: Dodged            |    37 |    50 ||    87
